 Dungeon Crawl Stone Soup version 0.17-a0-1738-g82cdc46 (webtiles) character file.

51 kae the Scratcher (level 3, 17/17 HPs)
             Began as a Felid Monk on Aug 30, 2015.
             Quit the game on level 3 of the Dungeon.
             The game lasted 00:02:39 (1843 turns).

kae the Scratcher (Felid Monk)                      Turns: 1843, Time: 00:02:39

Health: 17/17      AC:  1    Str:  7    XL:     3   Next: 58%
Magic:  4/4        EV: 20    Int: 11    God:
Gold:   67         SH:  0    Dex: 19    Spells: 0 memorised, 2 levels left
                                        Lives:  0   Deaths: 1

rFire  . . .     SeeInvis +       - Unarmed
rCold  . . .     Clarity  .     (armour unavailable)
rNeg   . . .     SustAt   .     (shield unavailable)
rPois  .         Gourm    .     (helmet unavailable)
rElec  .         Spirit   .     (cloak unavailable)
rCorr  .         Warding  .     (gloves unavailable)
rMut   .         Stasis   .     (boots unavailable)
MR     .....                    (no amulet)
Stlth  +++.......               (no ring)
                                (no ring)

@: quick, not resistant to hostile enchantments, fairly stealthy
A: no armour, no weapons or thrown items, claws 1, fangs 3, see invisible,
carnivore 3, speed 1, shaggy fur 1, slow metabolism 1, sharp paws
a: no special abilities


You were on level 3 of the Dungeon.
You were not hungry.

You visited 1 branch of the dungeon, and saw 3 of its levels.

You collected 67 gold pieces.

Inventory:

Jewellery
 g - a +2 ring of dexterity {unknown}
 h - an uncursed ring of positive energy {unknown}
 i - an uncursed amulet of guardian spirit {unknown}
Scrolls
 b - a scroll of amnesia {unknown}
 c - 5 scrolls of identify {unknown}
 e - a scroll of blinking {unknown}
Potions
 d - a potion of haste {unknown}
 f - a potion of invisibility {unknown}
Comestibles
 a - a meat ration


   Skills:
 - Level 3.0 Fighting
 - Level 4.0 Dodging
 - Level 2.6 Stealth
 + Level 6.0 Unarmed Combat


You had 2 spell levels left.
You didn't know any spells.

Dungeon Overview and Level Annotations

Branches:
Dungeon (3/15)

Altars:
Gozag


Innate Abilities, Weirdness & Mutations

You cannot wear armour.
You are incapable of wielding weapons or throwing items.
You have sharp claws.
You have razor-sharp teeth.
You have supernaturally acute eyesight.
You are carnivorous and can eat meat at any time.
You cover ground quickly.
You are covered in fur (AC +1).
You have a slow metabolism.
Your sharp claws are effective at attacking unaware monsters.


Message History

You are too injured to fight recklessly!
You are too injured to fight recklessly!
You are too injured to fight recklessly!
You are too injured to fight recklessly!
You are too injured to fight recklessly!
You are too injured to fight recklessly!
You completely miss the orc. The orc hits you with a club.
You die...
You are now level 3!
You rejoin the land of the living...
Unknown command.
An orc comes into view. It is wielding a mace.
An orc is nearby!
An orc is nearby!
An orc is nearby!
An orc is nearby!
Are you sure you want to abandon this character and quit the game? (Confirm with "yes".)
Okay, then.
Unknown command.
Are you sure you want to abandon this character and quit the game? (Confirm with "yes".)

#....
#.#.#
#.#.#
#.#.#
#.#.##
#..#.##
##.###.##
##.##
##.###
#@## ##..#
##.#
##.#.#
.o###.##.#
##.#.## .#
#.## .#
### .# .#
##


You could see an orc (sleeping).

Vanquished Creatures
  Ijyb (D:2)
  3 adders (D:2)
  2 worms (D:2)
  4 orcs (D:3)
  5 bats
  A giant cockroach (D:2)
  10 hobgoblins
  5 jackals (D:2)
  A quokka (D:3)
  2 giant newts
  3 goblins
  4 kobolds
  5 rats
46 creatures vanquished.

Notes
Turn   | Place    | Note
--------------------------------------------------------------
     0 | D:1      | kae the Felid Monk began the quest for the Orb.
     0 | D:1      | Reached XP level 1. HP: 10/10 MP: 2/2
   346 | D:1      | Reached XP level 2. HP: 9/14 MP: 3/3
   861 | D:2      | Reached skill level 5 in Unarmed Combat
   861 | D:2      | Reached XP level 3. HP: 13/17 MP: 4/4
   957 | D:2      | Noticed Ijyb
   961 | D:2      | Killed Ijyb
  1369 | D:2      | Reached XP level 4. HP: 21/21 MP: 5/5
  1402 | D:2      | Found an opulent altar of Gozag.
  1810 | D:3      | Reached skill level 6 in Unarmed Combat
  1831 | D:3      | Slain by an orc
  1832 | D:3      | Reached XP level 3. HP: 0/17 MP: 4/4
  1843 | D:3      | Quit the game

Vault maps used:
D:1:      roderic_dead_forest
D:2:      overflow_temple_1_default, uniq_iyjb
D:3:      ecumenical_altar_2

Action                   |  1- 3 |  4- 6 || total
-------------------------+-------+-------++-------
Melee: Unarmed           |    56 |    60 ||   116
 Stab: Sleeping          |    10 |     1 ||    11
  Eat: Chunk             |       |     8 ||     8
